3AAA
BLOOMINGTON LONGNECKS @ SANTA BARBARA GOLDEN CRANES
07/03/2025
 
TOP OF THE 1ST
Bloomington Longnecks batting - Pitching for Santa Barbara Golden Cranes : RHP Jason Troughton
Pitching: RHP Jason Troughton
Batting: RHB Roland Deschain 0-0: Ball
1-0: Called Strike
1-1: Swinging Strike
1-2: Ball
2-2: Foul Ball, location: 2F
2-2: Ball
3-2: Foul Ball, location: 2F
3-2: Foul Ball, location: 2F
3-2: Fly out, F4 (Popup, 34D)
Batting: RHB Ethan Miller 0-0: Foul Ball, location: 2F
0-1: Ball
1-1: Called Strike
1-2: Foul Ball, location: 2F
1-2: Ball
2-2: Hit by Pitch
Batting: LHB Ray Anderson 0-0: Ball
1-0: Swinging Strike
1-1: Called Strike
1-2: Foul Ball, location: 2F
1-2: Ball
2-2: Foul Ball, location: 2F
2-2: Foul Ball, location: 2F
2-2: TRIPLE (Line Drive, 9LD)
Ethan Miller scores
Batting: RHB José López 0-0: Called Strike
0-1: Foul Ball, location: 2F
0-2: Ball
1-2: Foul Ball, location: 2F
1-2: Foul Ball, location: 2F
1-2: Strikes out swinging
Batting: RHB Darrell Terwey 0-0: SINGLE (Groundball, 25) (infield hit)
Ray Anderson scores
Batting: LHB Gonzalo López 0-0: Called Strike
0-1: Foul Ball, location: 2F
0-2: Ball
1-2: Ball
2-2: Foul Ball, location: 2F
2-2: Ball
3-2: DOUBLE (Line Drive, 9LM)
Darrell Terwey to third
Darrell Terwey scores
Batting: RHB Aurelio Vázquez 0-0: Foul Ball, location: 2F
0-1: Ground out 6-3 (Groundball, 6)
Top of the 1st over - 3 run(s), 3 hit(s), 0 error(s), 1 left on base; Bloomington 3 - Santa Barbara 0
BOTTOM OF THE 1ST
Santa Barbara Golden Cranes batting - Pitching for Bloomington Longnecks : RHP Pedro Lara
Pitching: RHP Pedro Lara
Batting: LHB Manny Rosário 0-0: Fly out, F1 (Line Drive, 13)
Batting: RHB Salvador Noriega 0-0: Fly out, F7 (Flyball, 7)
Batting: LHB Sixto Álvarez 0-0: Swinging Strike
0-1: SINGLE (Line Drive, 9LS)
Batting: RHB Rubén Campos 0-0: Fly out, F7 (Line Drive, 7)
Bottom of the 1st over - 0 run(s), 1 hit(s), 0 error(s), 1 left on base; Bloomington 3 - Santa Barbara 0
TOP OF THE 2ND
Bloomington Longnecks batting - Pitching for Santa Barbara Golden Cranes : RHP Jason Troughton
Batting: RHB Sergio Cortéz 0-0: Foul Ball, location: 2F
0-1: Swinging Strike
0-2: Fly out, F4 (Popup, 34)
Batting: RHB Raúl Delgado 0-0: Ball
1-0: Ball
2-0: Ball
3-0: Called Strike
3-1: SINGLE (Groundball, 56) (infield hit)
Batting: RHB Roland Deschain 0-0: Foul Ball, location: 2F
0-1: Swinging Strike
0-2: Foul Ball, location: 2F
0-2: Fly out, F3 (Popup, 3L)
Batting: RHB Ethan Miller 0-0: Swinging Strike
0-1: Fielders Choice at 2nd, 6-4 (Groundball, 6)
Top of the 2nd over - 0 run(s), 1 hit(s), 0 error(s), 0 left on base; Bloomington 3 - Santa Barbara 0
BOTTOM OF THE 2ND
Santa Barbara Golden Cranes batting - Pitching for Bloomington Longnecks : RHP Pedro Lara
Batting: RHB Gilbert Graham 0-0: Ball
1-0: Called Strike
1-1: Foul Ball, location: 2F
1-2: Ball
2-2: SINGLE (Line Drive, 89M)
Batting: RHB Everette Jeffers 0-0: Ball
1-0: Called Strike
1-1: Called Strike
1-2: Foul Ball, location: 2F
1-2: Ball
2-2: Foul Ball, location: 2F
2-2: Strikes out swinging
Batting: RHB Pepe Castroneves 0-0: Called Strike
0-1: Ball
1-1: Ball
2-1: Ball
3-1: Base on Balls
Gilbert Graham to second
Batting: LHB Esteban Trujillo 0-0: Fly out, F7 (Flyball, 7)
Batting: RHB Jim Unknown 0-0: Called Strike
0-1: Ball
1-1: SINGLE (Flyball, 89S)
Gilbert Graham to third
Pepe Castroneves to second
Runner from 3rd tries for Home, SAFE, no throw
Batting: LHB Manny Rosário 0-0: Fielders Choice at 2nd, 4-6 (Groundball, 4)
Bottom of the 2nd over - 1 run(s), 2 hit(s), 0 error(s), 1 left on base; Bloomington 3 - Santa Barbara 1
TOP OF THE 3RD
Bloomington Longnecks batting - Pitching for Santa Barbara Golden Cranes : RHP Jason Troughton
Batting: LHB Ray Anderson 0-0: Ball
1-0: Ball
2-0: Ball
3-0: Base on Balls
Batting: RHB José López 0-0: Ball
1-0: Foul Ball, location: 2F
1-1: Foul Ball, location: 2F
1-2: SINGLE (Groundball, 6D)
Ray Anderson to second
Batting: RHB Darrell Terwey 0-0: Ball
1-0: Foul Ball, location: 2F
1-1: Fly out, F2 (Popup, 2R)
Batting: LHB Gonzalo López 0-0: Swinging Strike
0-1: Ball
Wild Pitch!
Ray Anderson to third
José López to second
1-1: Called Strike
1-2: Foul Ball, location: 2F
1-2: Ball
2-2: Foul Ball, location: 2F
2-2: Ball
3-2: Foul Ball, location: 2F
3-2: Strikes out swinging
Batting: RHB Aurelio Vázquez 0-0: Fly out, F9 (Flyball, 9LS)
Top of the 3rd over - 0 run(s), 1 hit(s), 0 error(s), 2 left on base; Bloomington 3 - Santa Barbara 1
BOTTOM OF THE 3RD
Santa Barbara Golden Cranes batting - Pitching for Bloomington Longnecks : RHP Pedro Lara
Batting: RHB Salvador Noriega 0-0: Ball
1-0: Ball
2-0: Ball
3-0: Called Strike
3-1: Base on Balls
Batting: LHB Sixto Álvarez 0-0: Ground out 3-1 (Groundball, 34)
Salvador Noriega to second
Batting: RHB Rubén Campos 0-0: Ball
1-0: Ball
2-0: Ground out U3 (Groundball, 34S)
Salvador Noriega to third
Batting: RHB Gilbert Graham 0-0: Ball
1-0: Swinging Strike
1-1: Ball
2-1: Ball
3-1: Base on Balls
Batting: RHB Everette Jeffers 0-0: Ball
1-0: Foul Ball, location: 2F
1-1: Ball
2-1: Called Strike
2-2: Ball
3-2: Ground out 6-3 (Groundball, 6)
Bottom of the 3rd over - 0 run(s), 0 hit(s), 0 error(s), 2 left on base; Bloomington 3 - Santa Barbara 1
TOP OF THE 4TH
Bloomington Longnecks batting - Pitching for Santa Barbara Golden Cranes : RHP Jason Troughton
Batting: RHB Sergio Cortéz 0-0: Called Strike
0-1: Called Strike
0-2: Ball
1-2: Ball
2-2: Fly out, F3 (Popup, 3L)
Batting: RHB Raúl Delgado 0-0: Called Strike
0-1: Swinging Strike
0-2: Ball
1-2: Fly out, F4 (Popup, 34D)
Batting: RHB Roland Deschain 0-0: Ball
1-0: Fly out, F9 (Flyball, 9)
Top of the 4th over - 0 run(s), 0 hit(s), 0 error(s), 0 left on base; Bloomington 3 - Santa Barbara 1
BOTTOM OF THE 4TH
Santa Barbara Golden Cranes batting - Pitching for Bloomington Longnecks : RHP Pedro Lara
Batting: RHB Pepe Castroneves 0-0: Ball
1-0: Foul Ball, location: 2F
1-1: Ball
2-1: Ball
3-1: Called Strike
3-2: Base on Balls
Batting: LHB Esteban Trujillo 0-0: Ground out 4-3 (Groundball, 34)
Pepe Castroneves to second
Batting: RHB Jim Unknown 0-0: Ball
1-0: Ground out 5-3 (Groundball, 56)
Batting: LHB Manny Rosário 0-0: Fly out, F8 (Flyball, 8LM)
Bottom of the 4th over - 0 run(s), 0 hit(s), 0 error(s), 1 left on base; Bloomington 3 - Santa Barbara 1
TOP OF THE 5TH
Bloomington Longnecks batting - Pitching for Santa Barbara Golden Cranes : RHP Jason Troughton
Batting: RHB Ethan Miller 0-0: Fly out, F7 (Line Drive, 7)
Batting: LHB Ray Anderson 0-0: Ball
1-0: Fly out, F7 (Flyball, 7S)
Batting: RHB José López 0-0: Foul Ball, location: 2F
0-1: Fly out, F8 (Flyball, 8RD)
Top of the 5th over - 0 run(s), 0 hit(s), 0 error(s), 0 left on base; Bloomington 3 - Santa Barbara 1
BOTTOM OF THE 5TH
Santa Barbara Golden Cranes batting - Pitching for Bloomington Longnecks : RHP Pedro Lara
Batting: RHB Salvador Noriega 0-0: Ground out 4-3 (Groundball, 4)
Batting: LHB Sixto Álvarez 0-0: Ball
1-0: Ball
2-0: Foul Ball, location: 2F
2-1: Ball
3-1: Base on Balls
Batting: RHB Rubén Campos 0-0: Foul Ball, location: 2F
0-1: Ball
1-1: Foul Ball, location: 2F
1-2: SINGLE (Groundball, 56S) (infield hit)
Sixto Álvarez to second
Pitching: LHP Juan Castro
Batting: RHB Gilbert Graham 0-0: Called Strike
0-1: Ball
1-1: Foul Ball, location: 2F
1-2: Ball
2-2: Ball
3-2: Grounds into double play, 4-6-3 (Groundball, 4)
Bottom of the 5th over - 0 run(s), 1 hit(s), 0 error(s), 1 left on base; Bloomington 3 - Santa Barbara 1
TOP OF THE 6TH
Bloomington Longnecks batting - Pitching for Santa Barbara Golden Cranes : RHP Jason Troughton
Batting: RHB Darrell Terwey 0-0: Called Strike
0-1: Ball
1-1: Swinging Strike
1-2: Ball
2-2: Ball
3-2: Fly out, F9 (Flyball, 9S)
Batting: LHB Gonzalo López 0-0: Ball
1-0: Ball
2-0: Foul Ball, location: 2F
2-1: Foul Ball, location: 2F
2-2: Ground out U3 (Groundball, 3L)
Batting: RHB Aurelio Vázquez 0-0: Ball
1-0: Foul Ball, location: 2F
1-1: Swinging Strike
1-2: Strikes out swinging
Top of the 6th over - 0 run(s), 0 hit(s), 0 error(s), 0 left on base; Bloomington 3 - Santa Barbara 1
BOTTOM OF THE 6TH
Santa Barbara Golden Cranes batting - Pitching for Bloomington Longnecks : LHP Juan Castro
Batting: RHB Everette Jeffers 0-0: Ball
1-0: Ball
2-0: Ball
3-0: Called Strike
3-1: Called Strike
3-2: Base on Balls
Batting: RHB Pepe Castroneves 0-0: Ball
1-0: Ball
2-0: Called Strike
2-1: Foul Ball, location: 2F
2-2: Ball
3-2: Foul Ball, location: 2F
3-2: Fly out, F6 (Line Drive, 56)
Batting: LHB Esteban Trujillo 0-0: Fly out, F8 (Line Drive, 8RM)
Batting: RHB Jim Unknown 0-0: TRIPLE (Flyball, 8LD)
Everette Jeffers scores
Batting: LHB Manny Rosário 0-0: Ground out 1-3 (Groundball, 13S)
Bottom of the 6th over - 1 run(s), 1 hit(s), 0 error(s), 1 left on base; Bloomington 3 - Santa Barbara 2
TOP OF THE 7TH
Bloomington Longnecks batting - Pitching for Santa Barbara Golden Cranes : RHP Jason Troughton
Batting: RHB Sergio Cortéz 0-0: SINGLE (Line Drive, 8RS)
Pinch Hitting: LHB Fernando González 0-0: Ball
1-0: Sac Bunt - play at first, batter OUT! 2-4
Sergio Cortéz to second
Pinch Hitting: LHB Felipe López 0-0: Called Strike
0-1: Foul Ball, location: 2F
0-2: Ball
1-2: Ball
2-2: Foul Ball, location: 2F
2-2: Foul Ball, location: 2F
2-2: Ball
3-2: Ground out 5-3 (Groundball, 5)
Batting: RHB Ethan Miller 0-0: Swinging Strike
0-1: Foul Ball, location: 2F
0-2: Strikes out swinging
Top of the 7th over - 0 run(s), 1 hit(s), 0 error(s), 1 left on base; Bloomington 3 - Santa Barbara 2
BOTTOM OF THE 7TH
Santa Barbara Golden Cranes batting - Pitching for Bloomington Longnecks : LHP Juan Castro
Now at 2B: Dave Farr
Now at SS: Jim Unknown
Batting: RHB Salvador Noriega 0-0: Foul Ball, location: 2F
0-1: Foul Ball, location: 2F
0-2: Ball
1-2: Foul Ball, location: 2F
1-2: Ball
2-2: Foul Ball, location: 2F
2-2: Fly out, F7 (Line Drive, 7S)
Batting: LHB Sixto Álvarez 0-0: Foul Ball, location: 2F
0-1: Ball
1-1: Ball
2-1: Ground out 3-1 (Groundball, 34)
Batting: RHB Rubén Campos 0-0: Ball
1-0: Ball
2-0: Called Strike
2-1: SINGLE (Groundball, 34D)
Batting: RHB Gilbert Graham 0-0: Ball
1-0: Called Strike
1-1: Ball
2-1: Fielders Choice at 2nd, 5-4 (Groundball, 56)
Bottom of the 7th over - 0 run(s), 1 hit(s), 0 error(s), 0 left on base; Bloomington 3 - Santa Barbara 2
TOP OF THE 8TH
Bloomington Longnecks batting - Pitching for Santa Barbara Golden Cranes : RHP Jason Troughton
Batting: LHB Ray Anderson 0-0: Fly out, F8 (Line Drive, 8RD)
Batting: RHB José López 0-0: Ball
1-0: Foul Ball, location: 2F
1-1: Foul Ball, location: 2F
1-2: SINGLE (Line Drive, 78S)
Pitching: RHP Armando Martínez
Batting: RHB Darrell Terwey 0-0: Ball
1-0: Swinging Strike
1-1: Ball
2-1: Foul Ball, location: 2F
2-2: Fly out, F8 (Flyball, 8RD)
Batting: LHB Gonzalo López 0-0: Foul Ball, location: 2F
0-1: Ball
1-1: Ball
2-1: Called Strike
2-2: Ball
3-2: Foul Ball, location: 2F
3-2: Base on Balls
José López to second
Pinch Runner at 2nd Tom Potts:
Batting: RHB Aurelio Vázquez 0-0: Called Strike
0-1: Ball
1-1: Foul Ball, location: 2F
1-2: Ball
2-2: Foul Ball, location: 2F
2-2: Ball
3-2: Ground out 4-3 (Groundball, 4)
Top of the 8th over - 0 run(s), 1 hit(s), 0 error(s), 2 left on base; Bloomington 3 - Santa Barbara 2
BOTTOM OF THE 8TH
Santa Barbara Golden Cranes batting - Pitching for Bloomington Longnecks : LHP Juan Castro
Pitching: RHP William Waters
Now at 2B: Tom Potts
Batting: RHB Everette Jeffers 0-0: Ball
1-0: Foul Ball, location: 2F
1-1: Ground out 5-3 (Groundball, 25)
Batting: RHB Pepe Castroneves 0-0: Ball
1-0: Reached on error, E4 (Groundball, 4S)
Pitching: LHP Carl Dyess
Batting: LHB Esteban Trujillo 0-0: Ball
1-0: SINGLE (Line Drive, 9LS)
Pepe Castroneves to second
Runner from 2nd tries for 3rd, SAFE, no throw
Pitching: RHP Henry Hart
Batting: RHB Jim Unknown 0-0: Fly out, F8 (Flyball, 89D)
Runner from 3rd tags up, SCORES, no throw
Batting: LHB Manny Rosário 0-0: Called Strike
0-1: SINGLE (Groundball, 34D)
Esteban Trujillo to second
Runner from 2nd tries for 3rd, SAFE, no throw
Batting: RHB Salvador Noriega 0-0: Foul Ball, location: 2F
0-1: Called Strike
0-2: Fly out, F6 (Popup, 6)
Bottom of the 8th over - 1 run(s), 2 hit(s), 1 error(s), 2 left on base; Bloomington 3 - Santa Barbara 3
TOP OF THE 9TH
Bloomington Longnecks batting - Pitching for Santa Barbara Golden Cranes : RHP Armando Martínez
Pitching: RHP Xavier Andrade
Pinch Hitting: SHB Adrián Pueblo 0-0: Fly out, F7 (Flyball, 7LMF)
Batting: RHB Jim Unknown 0-0: Ball
1-0: Foul Ball, location: 2F
1-1: Ball
2-1: Fly out, F8 (Flyball, 89D)
Pinch Hitting: RHB Micheal Murdoch 0-0: Ball
1-0: Ball
2-0: Fly out, F7 (Line Drive, 7)
Top of the 9th over - 0 run(s), 0 hit(s), 0 error(s), 0 left on base; Bloomington 3 - Santa Barbara 3
BOTTOM OF THE 9TH
Santa Barbara Golden Cranes batting - Pitching for Bloomington Longnecks : RHP Henry Hart
Now at 3B: Micheal Murdoch
Now in RF: Jared Jefferson
Batting: LHB Sixto Álvarez 0-0: Fly out, F8 (Line Drive, 78D)
Batting: RHB Rubén Campos 0-0: Called Strike
0-1: Ball
1-1: Called Strike
1-2: Strikes out swinging
Batting: RHB Gilbert Graham 0-0: Foul Ball, location: 2F
0-1: Called Strike
0-2: Strikes out swinging
Bottom of the 9th over - 0 run(s), 0 hit(s), 0 error(s), 0 left on base; Bloomington 3 - Santa Barbara 3
TOP OF THE 10TH
Bloomington Longnecks batting - Pitching for Santa Barbara Golden Cranes : RHP Xavier Andrade
Batting: RHB Ethan Miller 0-0: Ball
1-0: Foul Ball, location: 2F
1-1: Ball
2-1: Ball
3-1: Called Strike
3-2: Strikes out swinging
Batting: LHB Ray Anderson 0-0: Swinging Strike
0-1: Foul Ball, location: 2F
0-2: Ball
1-2: Ball
2-2: Foul Ball, location: 2F
2-2: Ground out 5-3 (Groundball, 56S)
Batting: RHB Tom Potts 0-0: Ball
1-0: Ball
2-0: Called Strike
2-1: Fly out, F8 (Flyball, 8RM)
Top of the 10th over - 0 run(s), 0 hit(s), 0 error(s), 0 left on base; Bloomington 3 - Santa Barbara 3
BOTTOM OF THE 10TH
Santa Barbara Golden Cranes batting - Pitching for Bloomington Longnecks : RHP Henry Hart
Batting: RHB Everette Jeffers 0-0: Ground out 6-3 (Groundball, 6)
Pinch Hitting: LHB Jim Unknown 0-0: Fly out, F4 (Line Drive, 4)
Batting: LHB Esteban Trujillo 0-0: Ball
1-0: SINGLE (Line Drive, 4D)
Batting: RHB Jim Unknown 0-0: Ball
1-0: Foul Ball, location: 2F
1-1: Ball
2-1: Ball
3-1: Called Strike
3-2: Fly out, F9 (Flyball, 9)
Bottom of the 10th over - 0 run(s), 1 hit(s), 0 error(s), 1 left on base; Bloomington 3 - Santa Barbara 3
TOP OF THE 11TH
Bloomington Longnecks batting - Pitching for Santa Barbara Golden Cranes : RHP Xavier Andrade
Pitching: LHP Sergio Hernández
Now in CF: José Meléndez
Batting: RHB Darrell Terwey 0-0: Ball
1-0: Ball
2-0: Ball
3-0: Base on Balls
Pinch Hitting: RHB Nick Simmons 0-0: Ball
1-0: Called Strike
1-1: Sac Bunt - play at first, batter OUT! 1-3
Darrell Terwey to second
Batting: RHB Aurelio Vázquez 0-0: Intentional Walk
Pinch Hitting: RHB Cliff May 0-0: Ball
1-0: Ball
2-0: Ball
3-0: Called Strike
3-1: Foul Ball, location: 2F
3-2: Fly out, F8 (Flyball, 8RM)
Batting: RHB Jim Unknown 0-0: Called Strike
0-1: Foul Ball, location: 2F
0-2: Ball
1-2: Strikes out swinging
Top of the 11th over - 0 run(s), 0 hit(s), 0 error(s), 2 left on base; Bloomington 3 - Santa Barbara 3
BOTTOM OF THE 11TH
Santa Barbara Golden Cranes batting - Pitching for Bloomington Longnecks : RHP Henry Hart
Now at 1B: Nick Simmons
Now at 2B: Cliff May
Batting: LHB Manny Rosário 0-0: Ball
1-0: Swinging Strike
1-1: Ball
2-1: Fly out, F7 (Flyball, 7S)
Batting: RHB Salvador Noriega 0-0: Called Strike
0-1: SINGLE (Line Drive, 8LS)
Batting: LHB Sixto Álvarez 0-0: Called Strike
0-1: Called Strike
0-2: Foul Ball, location: 2F
0-2: Ball
1-2: Single, Error in OF, E7, batter to second base
Salvador Noriega to third
Batting: RHB Rubén Campos 0-0: Intentional Walk
Batting: RHB Gilbert Graham 0-0: Grounds into fielders choice 6-2 (Groundball, 6)
Sixto Álvarez to third
Rubén Campos to second
Batting: RHB Everette Jeffers 0-0: Foul Ball, location: 2F
0-1: Foul Ball, location: 2F
0-2: Ball
1-2: Strikes out looking
Bottom of the 11th over - 0 run(s), 2 hit(s), 1 error(s), 3 left on base; Bloomington 3 - Santa Barbara 3
TOP OF THE 12TH
Bloomington Longnecks batting - Pitching for Santa Barbara Golden Cranes : LHP Sergio Hernández
Batting: RHB Micheal Murdoch 0-0: Called Strike
0-1: Foul Ball, location: 2F
0-2: Ball
1-2: Strikes out looking
Batting: RHB Ethan Miller 0-0: Called Strike
0-1: Called Strike
0-2: Foul Ball, location: 2F
0-2: Strikes out looking
Batting: LHB Ray Anderson 0-0: Called Strike
0-1: Ground out 3-1 (Groundball, 34)
Top of the 12th over - 0 run(s), 0 hit(s), 0 error(s), 0 left on base; Bloomington 3 - Santa Barbara 3
BOTTOM OF THE 12TH
Santa Barbara Golden Cranes batting - Pitching for Bloomington Longnecks : RHP Henry Hart
Batting: LHB José Meléndez 0-0: Ball
1-0: Foul Ball, location: 2F
1-1: Ball
2-1: Ground out 4-3 (Groundball, 4)
Pitching: RHP Esteban Arroyo
Batting: LHB Esteban Trujillo 0-0: Called Strike
0-1: Ball
1-1: SINGLE (Groundball, 4MD)
Batting: RHB Jim Unknown 0-0: Swinging Strike
0-1: Ball
1-1: Ball
2-1: Swinging Strike
2-2: Ball
3-2: Foul Ball, location: 2F
3-2: SINGLE (Groundball, 34D)
Esteban Trujillo to second
Batting: LHB Manny Rosário 0-0: Ball
1-0: Swinging Strike
1-1: Called Strike
1-2: Foul Ball, location: 2F
1-2: Strikes out swinging
Batting: RHB Salvador Noriega 0-0: Called Strike
0-1: Reached on error, E4 (Groundball, 4)
Esteban Trujillo to third
Jim Unknown to second
Batting: LHB Sixto Álvarez 0-0: Ball
1-0: Ball
2-0: Ball
3-0: Called Strike
3-1: Foul Ball, location: 2F
3-2: SINGLE (Line Drive, 34D)
Esteban Trujillo scores
Friday, December 30th, 2016 - OOTP Baseball 17.12 Build 75